 Dungeon Crawl Stone Soup version 0.29.0-4-gdea44cf6ec (webtiles) character file.

Game seed: 10083880833131835009

8 qw the Chopper (level 2, 0/39 HPs)
             Began as a Minotaur Berserker on Sept 6, 2022.
             Was a Follower of Trog.
             Slain by a goblin
             ... wielding a +0 dagger
              (2 damage)
             ... on level 1 of the Dungeon.
             The game lasted 00:00:06 (156 turns).

qw the Chopper (Minotaur Berserker)                  Turns: 156, Time: 00:00:07

Health: 0/39       AC:  2    Str: 21    XL:     2   Next: 0%
Magic:  1/1        EV: 12    Int:  4    God:    Trog [*.....]
Gold:   17         SH:  0    Dex:  9    Spells: 1/1 levels left

rFire   . . .      SeeInvis .   a - +0 hand axe
rCold   . . .      Faith    .   (no shield)
rNeg    . . .      Spirit   .   b - +0 animal skin
rPois   .          Reflect  .   (helmet restricted)
rElec   .          Harm     .   (no cloak)
rCorr   .          Rampage  .   (no gloves)
Will    .....                   (no boots)
Stlth   ..........              (no amulet)
HPRegen 0.13/turn               (no ring)
MPRegen 0.07/turn               (no ring)

@: berserking, very quick
A: horns 2, retaliatory headbutt
a: Renounce Religion, Berserk


You were on level 1 of the Dungeon.
You worshipped Trog.
Trog was aware of your devotion.
You visited 1 branch of the dungeon, and saw 1 of its levels.

You collected 17 gold pieces.


Innate Abilities, Weirdness & Mutations

You have a pair of horns on your head.
You reflexively headbutt those who attack you in melee.


   Skills:
 - Level 3.6 Fighting
 + Level 4.3 Axes
 - Level 2.4 Armour
 - Level 2.1 Dodging


You had one spell level left.
You didn't know any spells.
Your spell library was empty.

Inventory:

Hand Weapons
 a - a +0 hand axe (weapon)
 d - a +0 whip
Armour
 b - a +0 animal skin (worn)
Jewellery
 c - an amulet of regeneration
Scrolls
 e - a scroll of summoning {unknown}

Dungeon Overview and Level Annotations

Branches:
Dungeon (1/15)

Altars:


Message History

A hobgoblin comes into view.
A kobold and a rat come into view.
The kobold shouts!
You hear a shout! x2
You hit the hobgoblin.
The hobgoblin is heavily wounded.
The hobgoblin barely misses you.
A goblin comes into view. It is wielding a +0 dagger.
The hobgoblin misses you.
You hit the hobgoblin.
You kill the hobgoblin!
Trog accepts your kill.
You barely miss the rat.
A goblin comes into view. It is wielding a +0 dagger.
The rat bites you.
You hit the rat.
You kill the rat!
Trog accepts your kill.
You barely miss the kobold. The kobold barely misses you.
You barely miss the kobold.
The kobold hits you with a +3 short sword!
You completely miss the kobold. The kobold misses you.
You barely miss the kobold.
The kobold hits you with a +3 short sword.
152 ||| INVOKING Berserk.
A red film seems to cover your vision as you go berserk!
You feel yourself moving faster!
You feel mighty! The kobold barely misses you.
You barely miss the kobold.
The kobold hits you with a +3 short sword!
You barely miss the kobold.
The kobold hits you with a +3 short sword.
You slash the kobold!
You kill the kobold!
Trog accepts your kill.
You have reached level 2!
Found 6 gold pieces.
The goblin barely misses you. The goblin hits you with a +0 dagger.
You die...

^# .# .........# ... .#
.........###... ##
.............$ #######
............. ......#
#...........
......#######...........
...........##..gg.......
......####.#####@#
......# #.......#
......# #########
####.#.. # ..#.## .#.#)#
.#.#.#


You could see 2 goblins.

Vanquished Creatures
  2 endoplasms (D:1)
  A giant cockroach (D:1)
  A hobgoblin (D:1)
  A ball python (D:1)
  A kobold (D:1)
  2 rats (D:1)
8 creatures vanquished.

Notes
Turn   | Place    | Note
-------+----------+-------------------------------------------
     0 | D:1      | qw the Minotaur Berserker began the quest for the Orb.
     0 | D:1      | Reached XP level 1. HP: 19/19 MP: 0/0
     0 | D:1      | 0 ||| qw: Version: 0.1-a-108-g9e35731
     0 | D:1      | 0 ||| qw: Game counter: 6273
     0 | D:1      | 0 ||| qw: Always use a shield: true
     0 | D:1      | 0 ||| qw: Do Orc after D:15 true
     0 | D:1      | 0 ||| qw: Do second Lair branch before Depths: true
     0 | D:1      | 0 ||| qw: Lair rune preference: random
     0 | D:1      | 0 ||| qw: Plans: Normal
     0 | D:1      | 0 ||| PLANNING D:1-11
   112 | D:1      | Reached skill level 4 in Axes
   152 | D:1      | 152 ||| INVOKING Berserk.
   153 | D:1      | HP: 6/28 [kobold/+3 short sword (7)]
   154 | D:1      | HP: 1/28 [kobold/+3 short sword (5)]
   156 | D:1      | Reached XP level 2. HP: 2/26 MP: 1/1
   156 | D:1      | Slain by a goblin

Levels and vault maps discovered:
D:1:      wander_arrival_peaceful_grave, layout_basic, st_stairs_2

Skill      XL: |  1 |
---------------+----+-----
Axes           | 4 |  4.3
Fighting       | |  3.6
Armour         | |  2.4
Dodging        | |  2.1

Action                   || total
-------------------------++-------
Melee: Hand axe          ||    20
       Headbutt          ||     1
Invok: Berserk           ||     1
Dodge: Dodged            ||    11

Table legend:
 A = Non-vault XP
 B = Vault XP
 C = Vault XP percentage of total XP
 D = Non-vault monster count
 E = Vault monster count
 F = Vault count percentage of total count
                 A         B        C        D         E       F
            +---------+---------+-------+---------+---------+-------
      Total |      12 |       0 |   0.0 |       8 |       0 |   0.0
            +---------+---------+-------+---------+---------+-------
        D:1 |      12 |       0 |   0.0 |       8 |       0 |   0.0
            +---------+---------+-------+---------+---------+-------
